 Dungeon Crawl Stone Soup version 0.31-a0-233-g139696dc86 (webtiles) character file.

Game seed: 4562081090697991777

451 qw the Shooter (level 7, -2/43 HPs)
             Began as a Gargoyle Hexslinger on July 9, 2023.
             Slain by Natasha (9 damage)
             ... on level 4 of the Dungeon.
             The game lasted 00:01:28 (2968 turns).

qw the Shooter (Gargoyle Hexslinger)                Turns: 2968, Time: 00:01:29

Health: -2/43      AC: 10    Str: 12    XL:     7   Next: 4%
Magic:  8/8        EV: 11    Int: 13    God:
Gold:   222        SH:  0    Dex: 14    Spells: 7/8 levels left

rFire   . . .        m - +1 sling (heavy)
rCold   . . .        (no shield)
rNeg    + . .        i - +0 leather armour
rPois   inf          g - +0 helmet
rElec   +            (no cloak)
rCorr   .            (no gloves)
SInv    .            d - +0 pair of boots
Will    .....        (no amulet)
Stlth   +            (no ring)
HPRegen 0.27/turn    (no ring)
MPRegen 0.11/turn

%: no passive effects
@: no status effects
A: sickness immunity, AC +4, negative energy resistance 1, electricity
resistance, torment resistance 1, petrification resistance
a: no special abilities


You were on level 4 of the Dungeon.
You visited 1 branch of the dungeon, and saw 4 of its levels.

You collected 222 gold pieces.


Innate Abilities, Weirdness & Mutations

You are immune to sickness and miasma.
Your stone body is resilient. (AC +4)
You are immune to poison.
You resist negative energy. (rN+)
You are resistant to electric shocks. (rElec)
You are resistant to unholy torment.
You are immune to petrification.


   Skills:
 - Level 4.0 Fighting
 + Level 6.2 Ranged Weapons
 - Level 1.2 Armour
 - Level 1.5 Dodging
 - Level 1.0 Spellcasting
 - Level 2.6 Hexes


You had 7 spell levels left.
You knew the following spells:

 Your Spells              Type           Power      Damage    Failure   Level
a - Slow                  Hex            28%        N/A       12%         1

Your spell library contained the following spells:

 Spells                   Type           Power      Damage    Failure   Level
 Inner Flame              Hex/Fire       4%         N/A       52%         3
 Portal Projectile        Hex/Tloc       8%         N/A       52%         3
 Cause Fear               Hex            3%         N/A       75%         4

Inventory:

Hand Weapons
 m - a +1 heavy sling (weapon)
Armour
 d - a +0 pair of boots (worn)
 g - a +0 helmet (worn)
 i - a +0 leather armour (worn)
Scrolls
 a - a scroll of identify
Potions
 b - a potion of curing
 c - a potion of attraction {unknown}
 f - a potion of magic {unknown}
 j - a potion of brilliance {unknown}
 k - a potion of enlightenment {unknown}
 l - a potion of heal wounds {unknown}
 n - 2 potions of lignification {unknown}

Dungeon Overview and Level Annotations

Branches:
Dungeon (4/15)
 Temple: D:4-7

Altars:

Shops:
D:3 (

Annotations:
D:4 Natasha


Message History

You shoot a sling bullet. The sling bullet hits Natasha.
Natasha is heavily wounded.
Natasha mumbles some strange words.
You shoot a sling bullet. The sling bullet barely misses Natasha.
Natasha barely misses you.
The cerulean imp hits you but does no damage.
Natasha mewls in sadness.
Natasha barely misses you.
You shoot a sling bullet.
The sling bullet closely misses Natasha.
The cerulean imp hits you but does no damage.
Natasha claws you.
The cerulean imp hits you but does no damage.
Natasha mewls in sadness.
Natasha closely misses you.
You shoot a sling bullet.
The sling bullet hits Natasha but does no damage.
Natasha is heavily wounded.
The cerulean imp hits you with a +1 spear.
Natasha claws you.
The cerulean imp hits you with a +1 spear.
You shoot a sling bullet. The sling bullet barely misses Natasha.
Natasha stares at you and mumbles some strange words.
The magic dart hits you.
The cerulean imp hits you with a +1 spear.
Natasha claws you but does no damage.
You shoot a sling bullet. The sling bullet hits Natasha.
Natasha is severely wounded.
The cerulean imp closely misses you. Natasha claws you but does no damage.
The cerulean imp barely misses you.
You shoot a sling bullet. The sling bullet hits Natasha.
Natasha is severely wounded.
Natasha claws you! The cerulean imp barely misses you. Natasha claws you.
You shoot a sling bullet. The sling bullet barely misses Natasha.
The cerulean imp hits you but does no damage.
Natasha casts a spell at you. The magic dart hits you.
The cerulean imp hits you with a +1 spear.
Natasha claws you!
You die...

#.# ####..#
#.# .# ..#
#.# .# ..#
#.# .# .#
#.# .# ..
#.# .# #.#
.#
#.##.###...
#..@h......
####5###[..
... ####


You could see Natasha (strong) and a cerulean imp (summoned).

Vanquished Creatures
  Sigmund (D:4)
  An ogre (D:3)
  A hound (D:4)
  Jessica (D:2)
  Robin (D:3)
  3 gnolls (D:2)
  2 adders (D:2)
  2 worms (D:2)
  2 dart slugs
  An orc (D:4)
  3 ball pythons
  7 bats
  8 endoplasms
  4 giant cockroaches
  10 goblins
  11 hobgoblins
  4 jackals (D:3)
  11 kobolds
  3 quokkas
  2 frilled lizards
  6 rats
84 creatures vanquished.

Notes
Turn   | Place    | Note
-------+----------+-------------------------------------------
     0 | D:1      | qw the Gargoyle Hexslinger began the quest for the Orb.
     0 | D:1      | Reached XP level 1. HP: 12/12 MP: 2/2
     0 | D:1      | 0 ||| qw: Version: 0.3-a-51-g015441d
     0 | D:1      | 0 ||| qw: Game counter: 4032
     0 | D:1      | 0 ||| qw: Melee chars always use a shield: true
     0 | D:1      | 0 ||| qw: God list: Okawaru
     0 | D:1      | 0 ||| qw: Allow faded altars: false
     0 | D:1      | 0 ||| qw: Do Orc after clearing Dungeon:15 true
     0 | D:1      | 0 ||| qw: Do second Lair branch before Depths: true
     0 | D:1      | 0 ||| qw: Lair rune preference: random
     0 | D:1      | 0 ||| qw: Goals: Normal
     0 | D:1      | 0 ||| PLANNING D:1-11
   120 | D:1      | Reached XP level 2. HP: 16/16 MP: 3/3
   248 | D:1      | Reached skill level 3 in Ranged Weapons
   395 | D:1      | 395 ||| FLEEEEING.
   451 | D:1      | Found a faded altar of an unknown god.
   615 | D:1      | Reached XP level 3. HP: 21/21 MP: 4/4
   791 | D:1      | 791 ||| READING 2 scrolls labelled FOLOGE WOEFUM.
   792 | D:1      | 792 ||| READING scroll labelled DUONYSK OGEVO.
   793 | D:1      | 793 ||| DROPPING scroll of poison.
   870 | D:2      | 870 ||| FLEEEEING.
   974 | D:2      | Noticed Jessica
   979 | D:2      | Killed Jessica
   980 | D:2      | Reached skill level 4 in Ranged Weapons
   980 | D:2      | Reached XP level 4. HP: 26/26 MP: 5/5
  1109 | D:2      | Identified the +12 quarterstaff of Wisdom {pain, rPois
                  | rCorr MP+9}
  1233 | D:2      | Reached XP level 5. HP: 25/30 MP: 6/6
  1694 | D:2      | 1694 ||| UPGRADING to +0 pair of boots.
  1699 | D:2      | 1699 ||| READING scroll labelled XEUZID OSUUFI.
  1700 | D:2      | 1700 ||| READING 2 scrolls of identify.
  1700 | D:2      | 1700 ||| IDENTIFYING emerald potion
  1829 | D:3      | 1829 ||| FLEEEEING.
  1834 | D:3      | Reached skill level 5 in Ranged Weapons
  1848 | D:3      | Noticed Robin
  1866 | D:3      | Killed Robin
  2000 | D:3      | Noticed an ogre
  2016 | D:3      | Killed an ogre
  2017 | D:3      | Reached XP level 6. HP: 16/38 MP: 7/7
  2038 | D:3      | HP: 9/38 [jackal (3)]
  2172 | D:3      | Found Joluisch's Weapon Boutique.
  2597 | D:3      | 2597 ||| UPGRADING to +0 helmet.
  2602 | D:3      | 2602 ||| UPGRADING to +0 leather armour.
  2612 | D:3      | 2612 ||| DROPPING +0 robe.
  2613 | D:3      | 2613 ||| READING scroll labelled QAROEVATAI.
  2614 | D:3      | 2614 ||| READING scroll labelled COWUMI QOTIC.
  2617 | D:3      | 2617 ||| READING 2 scrolls of identify.
  2617 | D:3      | 2617 ||| IDENTIFYING blue potion
  2618 | D:3      | 2618 ||| DROPPING potion of ambrosia.
  2671 | D:4      | Reached skill level 1 in Armour
  2863 | D:4      | Noticed Sigmund
  2866 | D:4      | 2866 ||| FLEEEEING.
  2867 | D:4      | 2867 ||| FLEEEEING.
  2868 | D:4      | 2868 ||| FLEEEEING.
  2869 | D:4      | 2869 ||| FLEEEEING.
  2870 | D:4      | 2870 ||| FLEEEEING.
  2875 | D:4      | 2875 ||| FLEEEEING.
  2876 | D:4      | 2876 ||| FLEEEEING.
  2877 | D:4      | 2877 ||| FLEEEEING.
  2878 | D:4      | 2878 ||| FLEEEEING.
  2879 | D:4      | 2879 ||| FLEEEEING.
  2886 | D:4      | Killed Sigmund
  2887 | D:4      | Reached skill level 6 in Ranged Weapons
  2887 | D:4      | Reached XP level 7. HP: 31/43 MP: 8/8
  2952 | D:4      | Noticed Natasha
  2968 | D:4      | HP: 7/43 [cerulean imp/+1 spear[Natasha] (5)]
  2968 | D:4      | Slain by Natasha

Levels and vault maps discovered:
D:1:      eino_arrival_druids_welcome, layout_basic,
          shapermc_ecumenical_altar_mp_highgroup, minmay_tromino_v4_b
D:2:      layout_loops_ring, grunt_ministairs_11, uniq_jessica
D:3:      layout_basic, serial_shops, nicolae_shop_bloodbath_and_beyond,
          uniq_robin
D:4:      layout_loops_ring, minmay_temple_entry_gardened_gates,
          minmay_misc_feat_more_columns, uniq_sigmund, uniq_natasha

Skill      XL: |  1  2  3  4  5  6 |
---------------+-------------------+-----
Ranged Weapons | 3 4 5 6 |  6.2
Fighting       | 2 4 |  4.0
Armour         | 1 |  1.2
Dodging        | |  1.5
Spellcasting   | |  1.0
Hexes          | |  2.6

Action                     |  1- 3 |  4- 6 |  7- 9 || total
---------------------------+-------+-------+-------++-------
   Fire: Sling             |    95 |   220 |    16 ||   331
    Use: Scroll            |     2 |     5 |       ||     7
 Armour: Robe              |     9 |    50 |       ||    59
         Leather armour    |       |    15 |     7 ||    22
  Dodge: Dodged            |    21 |   134 |    10 ||   165

Table legend:
 A = Non-vault XP
 B = Vault XP
 C = Vault XP percentage of total XP
 D = Non-vault monster count
 E = Vault monster count
 F = Vault count percentage of total count
                 A         B        C        D         E       F
            +---------+---------+-------+---------+---------+-------
      Total |     309 |     336 |  52.1 |      69 |      15 |  17.9
            +---------+---------+-------+---------+---------+-------
        D:1 |      32 |       3 |   8.6 |      19 |       2 |   9.5
        D:2 |      71 |      82 |  53.6 |      22 |       5 |  18.5
        D:3 |     155 |      25 |  13.9 |      22 |       7 |  24.1
        D:4 |      51 |     226 |  81.6 |       6 |       1 |  14.3
            +---------+---------+-------+---------+---------+-------
